 Dungeon Crawl Stone Soup version 0.23-a0-137-gef0ad6d (webtiles) character file.

43 mopl the Slasher (level 3, -2/28 HPs)
             Began as a Barachi Gladiator on Aug 29, 2018.
             Slain by Sigmund
             ... wielding a +0 scythe
              (4 damage)
             ... on level 2 of the Dungeon.
             The game lasted 00:01:56 (794 turns).

mopl the Slasher (Barachi Gladiator)                 Turns: 794, Time: 00:01:57

Health: -2/28      AC:  8    Str: 16    XL:     3   Next: 58%
Magic:  3/3        EV: 13    Int:  8    God:
Gold:   50         SH:  0    Dex: 13    Spells: 2/2 levels left

rFire    . . .     SeeInvis .   a - +0 long sword
rCold    . . .     Gourm    .   (no shield)
rNeg     . . .     Faith    .   b - +0 leather armour
rPois    .         Spirit   .   k - +1 helmet (curse)
rElec    .         Reflect  .   (no cloak)
rCorr    .         Harm     .   (no gloves)
MR       .....                  i - +2 pair of boots
Stlth    +.........             j - amulet of inaccuracy (curse)
HPRegen  0.09/turn              (no ring)
MPRegen  0.08/turn              (no ring)

@: confused, flying, slow
A: +LOS, swims, slowness 1, strong legs 1
a: Hop


You were on level 2 of the Dungeon.
You were not hungry.

You visited 1 branch of the dungeon, and saw 2 of its levels.

You collected 50 gold pieces.

Inventory:

Hand Weapons
 a - a +0 long sword (weapon)
Missiles
 d - 3 throwing nets (quivered)
Armour
 b - a +0 leather armour (worn)
 i - a +2 pair of boots (worn)
 k - a cursed +1 helmet (worn)
Jewellery
 j - a cursed amulet of inaccuracy (around neck)
Scrolls
 e - a scroll of teleportation
Potions
 c - a potion of haste
Comestibles
 f - a ration
 h - 2 chunks of flesh


   Skills:
 + Level 2.8 Fighting
 * Level 4.3 Long Blades
 + Level 2.3 Throwing
 + Level 1.1 Armour
 + Level 3.6 Dodging


You had 2 spell levels left.
You didn't know any spells.
Your spell library was empty.

Dungeon Overview and Level Annotations

Branches:
Dungeon (2/15)

Altars:

Annotations:
D:2 Sigmund


Innate Abilities, Weirdness & Mutations

Shadows flee at your approach. (+LOS)
You can swim through water.
You cover ground slowly.
You can hop short distances.


Message History

Sigmund misses you.
You riposte.
You completely miss Sigmund.
Sigmund is severely wounded.
You hit Sigmund but do no damage.
Sigmund is severely wounded.
Sigmund points at you and mumbles some strange words.
The magic dart hits you!
You miss Sigmund.
Sigmund is severely wounded.
Sigmund is no longer unusually resistant.
Sigmund points at you and mumbles some strange words.
You are confused.
You bump into the rock wall.
Sigmund points at you and mumbles some strange words.
You resist with significant effort.
It was a potion of flight.
You feel very buoyant.
You fly up into the air.
Sigmund hits you with a scythe!
* * * LOW HITPOINT WARNING * * *
Sigmund hits you from afar with a scythe.
You die...

#.##.#####........#
..@###.##.# ####..####
......[...########..####
#................
##.########...... ##.##
#.##### ##@..## #.#
#.#.#.# #.# #@#...# #.#
#.##..# #.##### ##...##
#...... ###.# ####...
#.# ##...#
#.########.....
#..............
##########..... ##...#


You could see Sigmund.

Vanquished Creatures
  An adder (D:2)
  3 dart slugs (D:1)
  A ball python (D:1)
  A giant cockroach (D:2)
  3 hobgoblins (D:1)
  5 jackals (D:1)
  7 bats
  A frilled lizard (D:1)
  2 goblins (D:1)
  A kobold (D:1)
  4 rats
29 creatures vanquished.

Notes
Turn   | Place    | Note
-------+----------+-------------------------------------------
     0 | D:1      | mopl the Barachi Gladiator began the quest for the Orb.
     0 | D:1      | Reached XP level 1. HP: 17/17 MP: 1/1
   106 | D:1      | Reached XP level 2. HP: 17/23 MP: 2/2
   152 | D:1      | Reached skill level 4 in Long Blades
   244 | D:1      | Reached skill level 1 in Armour
   244 | D:1      | Reached XP level 3. HP: 18/28 MP: 3/3
   755 | D:2      | Noticed Sigmund
   794 | D:2      | Slain by Sigmund

Vault maps used:
D:1:      lemuel_arrival_river_bridge
D:2:      uniq_sigmund

Skill      XL: |  1  2 |
---------------+-------+-----
Long Blades    | 4 |  4.3
Armour         | 1 |  1.1
Fighting       | |  2.8
Throwing       | |  2.3
Dodging        | |  3.6

Action                   || total
-------------------------++-------
Melee: Long sword        ||    91
  Use: Scroll            ||     4
       Potion            ||     1
Armor: Leather armour    ||    33
Dodge: Dodged            ||    81
       Rpst.: Long sword ||    24

Table legend:
 A = Non-vault XP
 B = Vault XP
 C = Vault XP percentage of total XP
 D = Non-vault monster count
 E = Vault monster count
 F = Vault count percentage of total count
                 A         B        C        D         E       F
            +---------+---------+-------+---------+---------+-------
      Total |      62 |       0 |   0.0 |      29 |       0 |   0.0
            +---------+---------+-------+---------+---------+-------
        D:1 |      45 |       0 |   0.0 |      25 |       0 |   0.0
        D:2 |      17 |       0 |   0.0 |       4 |       0 |   0.0
            +---------+---------+-------+---------+---------+-------
